 Dungeon Crawl Stone Soup version 0.25.0-37-gb73750e0fb (webtiles) character file.

Game seed: 1451399192526533668

49 Peloso the Skirmisher (level 3, 28/29 HPs)
             Began as a Demonspawn Fighter on July 9, 2020.
             Got out of the dungeon alive.
             The game lasted 00:02:25 (987 turns).

Peloso the Skirmisher (Demonspawn Fighter)           Turns: 987, Time: 00:02:26

Health: 28/29      AC: 12    Str: 17    XL:     3   Next: 51%
Magic:  3/3        EV:  4    Int:  9    God:
Gold:   46         SH:  9    Dex: 12    Spells: 2/2 levels left

rFire    . . .     SeeInvis .   a - +0 long sword
rCold    + . .     Gourm    .   c - +0 kite shield
rNeg     . . .     Faith    .   h - +0 chain mail
rPois    .         Spirit   .   (no helmet)
rElec    .         Reflect  .   j - +0 cloak
rCorr    +         Harm     .   (no gloves)
MR       +....                  (no boots)
Stlth    ..........             l - amulet of regeneration
HPRegen  0.09/turn              i - ring of resist corrosion
MPRegen  0.08/turn              (no ring)

@: no status effects
A: thin metallic scales 1, blurry vision 1, cold resistance 1, magic resistance
1, spiny 1
a: no special abilities


You escaped.
You were not hungry.

You visited 1 branch of the dungeon, and saw 2 of its levels.

You collected 46 gold pieces.

Inventory:

Hand Weapons
 a - a +0 long sword (weapon)
 b - a +1 hand axe of flaming
Armour
 c - a +0 kite shield (worn)
 h - a +0 chain mail (worn)
 j - a +0 cloak (worn)
Jewellery
 i - a ring of resist corrosion (left hand)
 l - an amulet of regeneration (around neck)
Scrolls
 e - a scroll of magic mapping {unknown}
 k - a scroll of enchant weapon {unknown}
Potions
 d - a potion of might
Comestibles
 f - 2 rations
 g - a chunk of flesh


   Skills:
 + Level 3.3 Fighting
 + Level 2.3 Long Blades
 + Level 3.1 Armour
 + Level 3.1 Shields


You had 2 spell levels left.
You didn't know any spells.
Your spell library was empty.

Dungeon Overview and Level Annotations

Branches:
Dungeon (2/15)

Altars:


Innate Abilities, Weirdness & Mutations

You are partially covered in thin metallic scales. (AC +2)
You are partially covered in sharp spines.
Scrolls take you a little longer to read.
Your flesh is cold resistant. (rC+)
You are resistant to hostile enchantments. (MR+)


Message History

The goblin hits you but does no damage. You block the goblin's attack.
You slash the goblin!
You kill the goblin!
Found 10 gold pieces.
m - a cyan potion It was a potion of mutation.
You feel extremely strange.
You feel resistant to hostile enchantments.
Your vision blurs.
You feel resistant to cold.
(D) Dungeon
Where to? (Enter - D:12, ? - help)
What level of the Dungeon? (default 1, ? - help)
There is a stone staircase leading up here.
You climb upwards.
There is a stone staircase leading down here.
You open the door.
Some of the chunks of flesh in your inventory have rotted away.
There is an open door here.
There is a staircase leading out of the dungeon here.
Are you sure you want to leave the Dungeon?
This will make you lose the game!
You have escaped!

.......# #######........ .......#
#........
.......##################........
.............(..........'.).>....
.....).#####.......#.####...)....
.......#####.++++++#.# ####.####
..........[..+....+..# #.# #
.......#####.+....+..#######.## #
........# #.+..@.'...........# #
##.####.# #.+....+...........# #
##.# #.# #.+++'++.#.........###
.#.####.# ##........#............
.#.#...(###..##...###.........##.
.#.#...(.##.####.## ############.
.#.#.....#..# #.######## #.
.#.#.....#.## #........# #.
.#.#..รท).#.# #........# #.


There were no monsters in sight!

Vanquished Creatures
  2 oozes (D:1)
  2 dart slugs
  A leopard gecko (D:1)
  5 giant cockroaches
  6 goblins
  2 hobgoblins (D:1)
  5 kobolds
  4 bats (D:1)
  2 frilled lizards (D:1)
  3 rats (D:1)
32 creatures vanquished.

Notes
Turn   | Place    | Note
-------+----------+-------------------------------------------
     0 | D:1      | Peloso the Demonspawn Fighter began the quest for the Orb.
     0 | D:1      | Reached XP level 1. HP: 18/18 MP: 1/1
   245 | D:1      | Gained mutation: You are partially covered in sharp spines.
                  | [demonic ancestry]
   245 | D:1      | Reached XP level 2. HP: 17/24 MP: 2/2
   640 | D:1      | Gained mutation: You are partially covered in thin metallic
                  | scales. (AC +2) [demonic ancestry]
   640 | D:1      | Reached XP level 3. HP: 29/29 MP: 3/3
   951 | D:2      | Gained mutation: You are resistant to hostile enchantments.
                  | (MR+) [potion of mutation]
   951 | D:2      | Gained mutation: Scrolls take you a little longer to read.
                  | [potion of mutation]
   951 | D:2      | Gained mutation: Your flesh is cold resistant. (rC+)
                  | [potion of mutation]
   987 | D:$      | Got out of the dungeon alive.

Illustrated notes

Levels and vault maps discovered:
D:1:      lightli_arrival_maybe_door_vault, layout_basic
D:2:      layout_basic

Skill      XL: |  1  2 |
---------------+-------+-----
Long Blades    | 2 |  2.3
Armour         | 3 |  3.1
Shields        | 3 |  3.1
Fighting       | |  3.3

Action                   || total
-------------------------++-------
Melee: Long sword        ||    87
  Use: Potion            ||     3
Armor: Scale mail        ||     8
       Chain mail        ||    45
Dodge: Dodged            ||    23
Block: Kite shield       ||    61
       Rpst.: Long sword ||     5
